 Dungeon Crawl Stone Soup version 0.23.2 (webtiles) character file.

Game seed: 1837519466138922089

10087 Revguard the Cleaver (level 11, -14/83 HPs)
             Began as a Demonspawn Gladiator on Apr 2, 2019.
             Was an Elder of Makhleb.
             Demolished by Snorg (15 damage)
             ... on level 10 of the Dungeon.
             The game lasted 00:49:49 (9598 turns).

Revguard the Cleaver (Demonspawn Gladiator)         Turns: 9598, Time: 00:49:49

Health: -14/83     AC: 28    Str: 22    XL:     11   Next: 31%
Magic:  0/18       EV:  9    Int: 12    God:    Makhleb [****..]
Gold:   799        SH:  0    Dex: 14    Spells: 10/10 levels left

rFire    . . .     SeeInvis .   e - +2 battleaxe
rCold    + . .     Gourm    +   (shield currently unavailable)
rNeg     . . .     Faith    .   r - +5 plate armour
rPois    .         Spirit   +   c - +0 helmet
rElec    .         Reflect  .   h - +0 cloak {MR+}
rCorr    .         Harm     .   t - +1 pair of gloves
MR       +....     Clarity  +   b - +0 pair of boots
Stlth    ..........             g - amulet of the gourmand
HPRegen  0.00/turn              k - +2 ring of strength
MPRegen  0.32/turn              w - ring "Hyvikac" {Str+3 Int+3 Stlth-}

@: no status effects
A: yellow scales 2, clarity, clumsy 1, cold resistance 1, deterioration 1,
inhibited regeneration, magic shield, magic regeneration, freezing cloud
immunity
a: Minor Destruction, Lesser Servant of Makhleb, Major Destruction, Renounce
Religion


You were on level 10 of the Dungeon.
You worshipped Makhleb.
Makhleb was greatly pleased with you.
You were completely stuffed.

You visited 2 branches of the dungeon, and saw 11 of its levels.

You collected 799 gold pieces.

Inventory:

Hand Weapons
 e - a +2 battleaxe (weapon)
Missiles
 d - 3 throwing nets (quivered)
Armour
 b - a +0 pair of boots (worn)
 c - a +0 helmet (worn)
 h - a +0 cloak of magic resistance (worn)
 r - a +5 plate armour (worn)
 t - a +1 pair of gloves (worn)
Jewellery
 g - an amulet of the gourmand (around neck)
 k - a +2 ring of strength (left hand)
 m - an uncursed amulet of faith
 n - an uncursed ring of ice
 v - an uncursed ring of protection from cold
 w - the ring "Hyvikac" (right hand) {Str+3 Int+3 Stlth-}
   (You found it on level 9 of the Dungeon)

   [ring of attention]

   It affects your strength (+3).
   It affects your intelligence (+3).
   It makes you less stealthy.
 y - an uncursed ring of see invisible
Wands
 i - a wand of random effects (8)
 l - a wand of flame (1)
 o - a wand of enslavement (4)
 x - a wand of digging (3)
Scrolls
 j - 6 scrolls of remove curse
 C - a scroll of blinking
 D - a scroll of teleportation
 E - a scroll of identify
Potions
 a - a potion of cancellation
 p - a potion of brilliance
 q - 2 potions of heal wounds
 s - a potion of flight
 u - a potion of haste
 z - a potion of lignification
 B - a potion of might
Comestibles
 f - 20 rations
 A - 3 chunks of flesh


   Skills:
 + Level 6.8 Fighting
 + Level 10.5 Axes
 - Level 1.7 Throwing
 * Level 8.4 Armour
 + Level 4.1 Dodging
 * Level 10.0 Invocations
 + Level 0.3 Evocations


You had 10 spell levels left.
You didn't know any spells.
Your spell library was empty.

Dungeon Overview and Level Annotations

Branches:
Dungeon (10/15)            Temple (1/1) D:4            Lair (0/6) D:9
    Orc: D:9-12

Altars:
Ashenzari
Cheibriados
Dithmenos
Elyvilon
Fedhas
Gozag
Hepliaklqana
Kikubaaqudgha
Makhleb
Nemelex Xobeh
Okawaru
Qazlal
Ru
Sif Muna
Trog
Uskayaw
Vehumet
Wu Jian
Xom
Yredelemnul
Zin
The Shining One

Annotations:
D:10 Snorg


Innate Abilities, Weirdness & Mutations

You are mostly covered in yellow scales. (AC +3)
Your flesh is cold resistant. (rC+)
When hurt, damage is shared between your health and your magic reserves.
You regenerate magic rapidly.
You are immune to freezing clouds.
You possess an exceptional clarity of mind.
You are clumsy. (Dex -2)
Your body sometimes deteriorates upon taking damage.
You do not regenerate when monsters are visible.


Message History

Snorg is heavily wounded.
Snorg bites you! Snorg claws you but does no damage. Snorg barely misses you.
Your orange demon stings Snorg from afar.
You closely miss Snorg.
Snorg is severely wounded.
Snorg bites you! Snorg misses you. Snorg completely misses you.
Your orange demon stings Snorg from afar!
Snorg looks as sick as possible!
Your orange demon poisons Snorg!
Snorg bites you but does no damage. Snorg barely misses you. x2
You completely miss Snorg.
Snorg is severely wounded.
Snorg bites you! Snorg claws you but does no damage. x2
Your orange demon completely misses Snorg.
Snorg bites you. Snorg misses you. Snorg claws you!
* * * LOW HITPOINT WARNING * * *
Your orange demon misses Snorg.
Snorg bites you!
* * * LOW HITPOINT WARNING * * *
Snorg claws you!
You die...

...................#
#.####..####.......#
#.# #..# ##.....##
##.## #>[# ##...##
#.###...###..##
##.##
..............# #.#
.###.<.###..## #.#
#.####.####.## #.#
#.......@T..#####
#.#
######..4........
##.# ###########.
#..# #.## #.##.#
#.##.# #.##.# ####
#.##.# ...## #.##.#


You could see Snorg (berserk) and a friendly orange demon.

Vanquished Creatures
  A two-headed ogre (D:8)
  Psyche (D:9)
  A gargoyle (D:9)
  A kobold demonologist (D:9)
  A hornet (D:8)
  A hippogriff (D:7)
  A shadow (D:9)
  A wyvern (D:9)
  19 yaks
  A steam dragon (D:8)
  4 orc warriors
  A sky beast (D:7)
  A black bear (D:9)
  2 ice beasts (D:5)
  4 phantoms
  2 centaurs
  6 ogres
  2 wolves (D:9)
  7 bullfrogs
  A big kobold (D:7)
  Blork the orc (D:6)
  A gnoll sergeant (D:6)
  A wyvern skeleton (D:9)
  2 scorpions (D:6)
  2 killer bees
  3 wights (D:6)
  A howler monkey (D:9)
  An electric eel (D:9)
  A centaur zombie (D:5)
  A crimson imp (D:7)
  4 jellies
  2 quasits (D:6)
  4 hounds
  Crazy Yiuf (D:2)
  2 bullfrog skeletons
  3 orc priests
  2 centaur skeletons
  4 orc wizards
  2 iguanas
  5 worker ants
  2 hound zombies
  A hound skeleton (D:10)
  6 gnolls
  20 adders
  4 shadow imps
  An adder skeleton (D:7)
  A worm (D:4)
  4 dart slugs
  7 leopard geckos
  22 orcs
  A ball python (D:5)
  A giant cockroach (D:2)
  2 gnoll zombies (D:8)
  5 goblins
  7 hobgoblins
  13 jackals
  12 kobolds
  6 quokkas
  9 bats
  7 frilled lizards
  A jackal skeleton (D:5)
  A jackal zombie (D:6)
  A leopard gecko skeleton (D:5)
  A quokka skeleton (D:6)
  8 rats
244 creatures vanquished.

Vanquished Creatures (collateral kills)
  A kobold demonologist (D:9)
  A troll (D:9)
  A yak (D:10)
  Grum (D:9)
  An orc warrior (D:9)
  An ogre (D:9)
  2 wolves (D:9)
  A centaur zombie (D:9)
  2 jellies (D:9)
  An orc (D:9)
12 creatures vanquished.

Vanquished Creatures (others)
  A howler monkey (D:5)
  A hound (D:5)
  2 adders (D:5)
  A quokka (D:5)
5 creatures vanquished.

Grand Total: 261 creatures vanquished

Notes
Turn   | Place    | Note
-------+----------+-------------------------------------------
     0 | D:1      | Revguard the Demonspawn Gladiator began the quest for the
                  | Orb.
     0 | D:1      | Reached XP level 1. HP: 16/16 MP: 1/1
   292 | D:1      | Gained mutation: Your flesh is cold resistant. (rC+)
                  | [demonic ancestry]
   292 | D:1      | Reached XP level 2. HP: 13/22 MP: 2/2
  1064 | D:2      | Reached skill level 1 in Armour
  1064 | D:2      | Gained mutation: You are partially covered in yellow
                  | scales. (AC +2) [demonic ancestry]
  1064 | D:2      | Reached XP level 3. HP: 27/27 MP: 3/3
  1403 | D:2      | Gained mutation: When hurt, damage is shared between your
                  | health and your magic reserves. [demonic ancestry]
  1403 | D:2      | Reached XP level 4. HP: 29/33 MP: 4/4
  1815 | D:2      | Found a runed translucent door.
  1816 | D:2      | Noticed Crazy Yiuf
  1829 | D:2      | Killed Crazy Yiuf
  2058 | D:3      | Gained mutation: You regenerate magic rapidly. [demonic
                  | ancestry]
  2058 | D:3      | Reached XP level 5. HP: 39/39 MP: 5/5
  2262 | D:3      | Found a snail-covered altar of Cheibriados.
  2384 | D:3      | Found a white marble altar of Elyvilon.
  2631 | D:3      | Found a blossoming altar of Fedhas.
  2880 | D:4      | Found a sparkling altar of Nemelex Xobeh.
  2899 | D:4      | Found a burning altar of Makhleb.
  2922 | D:4      | Became a worshipper of Makhleb the Destroyer
  3121 | D:4      | Gained mutation: You are mostly covered in yellow scales.
                  | (AC +3) [demonic ancestry]
  3121 | D:4      | Reached XP level 6. HP: 38/47 MP: 6/6
  3143 | D:4      | Reached skill level 1 in Invocations
  3458 | D:4      | Found a shattered altar of Ashenzari.
  3756 | D:4      | Found a staircase to the Ecumenical Temple.
  3774 | Temple   | Entered the Ecumenical Temple
  3955 | D:5      | Entered Level 5 of the Dungeon
  4016 | D:5      | Reached skill level 5 in Axes
  4019 | D:5      | Reached * piety under Makhleb
  4039 | D:5      | Noticed an ice beast
  4052 | D:5      | Killed an ice beast
  4052 | D:5      | Reached XP level 7. HP: 38/53 MP: 8/8
  4161 | D:5      | Found a shimmering altar of Xom.
  4228 | D:5      | Found a hide-covered altar of Uskayaw.
  4320 | D:5      | Found a hazy altar of Hepliaklqana.
  4353 | D:5      | Found an iron altar of Okawaru.
  4729 | D:5      | Gained mutation: You are immune to freezing clouds.
                  | [demonic ancestry]
  4729 | D:5      | Reached XP level 8. HP: 61/61 MP: 8/10
  5084 | D:6      | Noticed Blork the orc
  5099 | D:6      | Killed Blork the orc
  5308 | D:6      | Reached ** piety under Makhleb
  6155 | D:7      | Reached skill level 5 in Invocations
  6164 | D:7      | Reached skill level 5 in Armour
  6164 | D:7      | Reached XP level 9. HP: 47/67 MP: 9/13
  6617 | D:7      | Reached skill level 5 in Fighting
  6664 | D:7      | Found an opulent altar of Gozag.
  6912 | D:8      | Noticed a two-headed ogre
  6922 | D:8      | Killed a two-headed ogre
  6998 | D:8      | Paralysed by a hornet for 1 turns
  7001 | D:8      | Paralysed by a hornet for 3 turns
  7514 | D:8      | Reached *** piety under Makhleb
  7649 | D:8      | Found a basalt altar of Yredelemnul.
  7776 | D:8      | Found an ancient bone altar of Kikubaaqudgha.
  7854 | D:9      | Noticed Psyche
  7872 | D:9      | Paralysed by Psyche for 3 turns
  7875 | D:9      | Killed Psyche
  7875 | D:9      | Reached XP level 10. HP: 37/74 MP: 12/15
  8215 | D:9      | Noticed a rust devil
  8217 | D:9      | Noticed a soul eater
  8237 | D:9      | Noticed Grum
  8239 | D:9      | Got a faintly glowing lead ring
  8249 | D:9      | Killed Grum
  8253 | D:9      | Found a glowing golden altar of the Shining One.
  8464 | D:9      | Identified the ring "Hyvikac" {Str+3 Int+3 Stlth-} (You
                  | found it on level 9 of the Dungeon)
  8549 | D:9      | Noticed a gargoyle
  8556 | D:9      | Killed a gargoyle
  8867 | D:9      | Found a staircase to the Lair.
  8901 | D:9      | Reached skill level 10 in Axes
  9285 | D:10     | Entered Level 10 of the Dungeon
  9320 | D:10     | Reached XP level 11. HP: 81/81 MP: 18/18
  9336 | D:10     | Reached **** piety under Makhleb
  9345 | D:10     | Gained mutation: You are clumsy. (Dex -2) [potion of
                  | mutation]
  9345 | D:10     | Gained mutation: Your body sometimes deteriorates upon
                  | taking damage. [potion of mutation]
  9345 | D:10     | Gained mutation: You do not regenerate when monsters are
                  | visible. [potion of mutation]
  9345 | D:10     | Gained mutation: You possess an exceptional clarity of
                  | mind. [potion of mutation]
  9426 | D:10     | Reached skill level 10 in Invocations
  9584 | D:10     | Noticed Snorg
  9598 | D:10     | HP: 1/83 [Snorg (12)]
  9598 | D:10     | Demolished by Snorg

Skill      XL: |  1  2  3  4  5  6  7  8  9 10 11 |
---------------+----------------------------------+-----
Axes           | 3 4 5 6 7 8 10 | 10.5
Dodging        | 3 4 |  4.1
Armour         | 1 2 3 5 6 8 |  8.4
Fighting       | 3 4 5 6 |  6.8
Invocations    | 2 3 5 7 9 10 | 10.0
Throwing       | |  1.7
Evocations     | |  0.3

Action                   |  1- 3 |  4- 6 |  7- 9 | 10-12 || total
-------------------------+-------+-------+-------+-------++-------
Melee: War axe           |    93 |   285 |   201 |       ||   579
       Battleaxe         |       |       |   175 |   250 ||   425
Invok: Minor Destruction |       |       |    16 |    24 ||    40
       Lesser Servant of |       |       |       |     7 ||     7
       Major Destruction |       |       |       |     2 ||     2
Evoke: Wand              |       |       |       |     5 ||     5
  Use: Potion            |     4 |     4 |     1 |     3 ||    12
       Scroll            |       |     4 |    17 |     1 ||    22
 Stab: Sleeping          |     1 |       |       |       ||     1
       Invisible         |       |       |       |     6 ||     6
  Eat: Chunk             |    14 |     9 |    12 |     7 ||    42
Armor: Leather armour    |    22 |       |       |       ||    22
       Plate armour      |    16 |   316 |   491 |   219 ||  1042
Dodge: Dodged            |    72 |   141 |   191 |   151 ||   555
